[Event "Steinthor Baldursson memorial 2018"]
[Site "?"]
[Date "2018.01.05"]
[Round "3"]
[White "Jonsson, Gauti Pall"]
[Black "Davidsson, Oskar Vikingur"]
[Result "1-0"]
[ECO "B23"]
[WhiteElo "2161"]
[BlackElo "1854"]
[PlyCount "131"]
[EventDate "2018.??.??"]
[EventType "swiss"]
[EventCountry "ISL"]
[SourceTitle "Kopavogur"]
[TimeControl "5400+30"]
[WhiteClock "0:53:12"]
[BlackClock "0:19:50"]

1. e4 c5 2. Nc3 e6 3. f4 d5 4. Nf3 Nc6 5. Bb5 Nge7 6. exd5 exd5 7. Qe2 f6 8. Bxc6+ bxc6 9. O-O Kf7 10. b3 Ng6 11. g3 Bd6 12. d3 Re8 13. Qf2 Bh3 14. Re1 Rxe1+ 15. Nxe1 Qe7 16. Bd2 Re8 17. Nf3 Bg4 18. Re1 Qd7 19. Rxe8 Qxe8 20. Na4 Qe7 21. Ne1 h5 22. Ng2 d4 23. Nb2 Qe6 24. Nc4 Bc7 25. Qe1 Ne7 26. Qxe6+ Kxe6 27. Kf2 Nd5 28. a3 Bd8 29. Ne1 Bc7 30. Kg2 Kd7 31. h3 Be6 32. Nf3 Ne7 33. Nb2 Ng6 34. Nd1 Bd5 35. Kf2 Bd6 36. f5 Bxf3 37. Kxf3 Ne5+ 38. Ke4 Nf7 39. Bf4 Bxf4 40. Kxf4 Kd6 41. Nf2 Ne5 42. Ne4+ Kd5 43. g4 hxg4 44. hxg4 Nf7 45. Kg3 Ng5 46. Nd2 Nf7 47. Kh4 Ke5 48. Kh5 Nh6 49. Ne4 c4 50. bxc4 a6 51. Nc5 Kf4 52. Ne6+ Kg3 53. Nxd4 Nxg4 54. Nxc6 Ne3 55. Ne7 Nxc2 56. Kg6 Nxa3 57. Kxg7 Nc2 58. Kxf6 a5 59. Nd5 a4 60. Nc3 a3 61. Kg7 Nd4 62. f6 Kf3 63. f7 Ne6+ 64. Kf6 Nf8 65. c5 Nd7+ 66. Ke7 1-0

[Event "Steinthor Baldursson memorial 2018"]
[Site "?"]
[Date "2018.01.05"]
[Round "3"]
[White "Mai, Aron Thor"]
[Black "Johannsson, Birkir Isak"]
[Result "1/2-1/2"]
[ECO "B20"]
[WhiteElo "2066"]
[BlackElo "1760"]
[PlyCount "33"]
[EventDate "2018.??.??"]
[EventType "swiss"]
[EventCountry "ISL"]
[SourceTitle "Kopavogur"]
[TimeControl "5400+30"]
[WhiteClock "0:50:40"]
[BlackClock "0:27:59"]

1. e4 c5 2. d3 Nc6 3. Be2 g6 4. f4 Bg7 5. Nf3 e6 6. O-O Nge7 7. Qe1 O-O 8. Qh4 d6 9. c3 b6 10. Na3 Bb7 11. Ng5 h6 12. Nh3 f5 13. g4 Qe8 14. Bd1 Na5 15. Qe1 Qd7 16. Nf2 Rae8 17. Nc2 1/2-1/2

[Event "Steinthor Baldursson memorial 2018"]
[Site "?"]
[Date "2018.01.05"]
[Round "3"]
[White "Eydsteinsson, Silas"]
[Black "Briem, Benedikt"]
[Result "*"]
[ECO "A04"]
[WhiteElo "2035"]
[BlackElo "1464"]
[PlyCount "81"]
[EventDate "2018.??.??"]
[EventType "swiss"]
[EventCountry "ISL"]
[SourceTitle "Kopavogur"]
[TimeControl "5400+30"]
[WhiteClock "0:49:29"]
[BlackClock "0:11:05"]

1. Nf3 c5 2. g3 d6 3. Bg2 Nc6 4. d3 e5 5. e4 g6 6. O-O h6 7. c3 Bg7 8. Qe1 Nge7 9. Nfd2 O-O 10. f4 f5 11. a4 Be6 12. Nc4 exf4 13. Bxf4 Bxc4 14. dxc4 g5 15. Be3 Ne5 16. Qe2 Qc7 17. Nd2 Ng4 18. exf5 Nxe3 19. Qxe3 Be5 20. Qd3 Rf7 21. Rf2 Qd7 22. Be4 Raf8 23. Nf1 Rxf5 24. Bxf5 Nxf5 25. Ne3 Nxe3 26. Rxf8+ Kxf8 27. Qxe3 Qe6 28. Qf3+ Kg7 29. Qxb7+ Kg6 30. Qe4+ Kg7 31. Kg2 h5 32. Rf1 Qg4 33. Qxg4 hxg4 34. h3 gxh3+ 35. Kxh3 Bf6 36. Kg4 Kg6 37. Ra1 a5 38. Ra3 Be7 39. Rb3 Bd8 40. Rb8 Bc7 41. Rc8 *

[Event "Steinthor Baldursson memorial 2018"]
[Site "?"]
[Date "2018.01.05"]
[Round "3"]
[White "Mai, Alexander Oliver"]
[Black "Fjallheim, Leif Reinert"]
[Result "1-0"]
[ECO "A05"]
[WhiteElo "1970"]
[BlackElo "1720"]
[PlyCount "73"]
[EventDate "2018.??.??"]
[EventType "swiss"]
[EventCountry "ISL"]
[SourceTitle "Kopavogur"]
[TimeControl "5400+30"]
[WhiteClock "0:00:42"]
[BlackClock "0:20:14"]

1. Nf3 Nf6 2. g3 g6 3. Bg2 Bg7 4. O-O O-O 5. c4 d6 6. Nc3 e5 7. d3 Nc6 8. Bd2 Nd7 9. Rb1 f5 10. Bg5 Nf6 11. Nd5 Ne7 12. Nxf6+ Bxf6 13. Bxf6 Rxf6 14. Nd2 g5 15. d4 exd4 16. Nf3 h6 17. Nxd4 Ng6 18. b3 c6 19. e3 Qe7 20. Qd2 Bd7 21. Rbe1 c5 22. Bxb7 Re8 23. Bd5+ Kh7 24. Ne2 h5 25. Nc3 h4 26. f4 g4 27. Bg2 h3 28. Bh1 Be6 29. e4 Qd7 30. exf5 Bxf5 31. Ne4 Bxe4 32. Bxe4 Kg7 33. f5 Rxe4 34. Rxe4 Rxf5 35. Rfe1 Rf6 36. Qg5 Qb7 37. Re7+ 1-0

[Event "Steinthor Baldursson memorial 2018"]
[Site "?"]
[Date "2018.01.05"]
[Round "3"]
[White "Bannout, Edvin"]
[Black "Apol, Luitjen Akselsson"]
[Result "1/2-1/2"]
[ECO "B50"]
[WhiteElo "1869"]
[BlackElo "1600"]
[PlyCount "119"]
[EventDate "2018.??.??"]
[EventType "swiss"]
[EventCountry "ISL"]
[SourceTitle "Kopavogur"]
[TimeControl "5400+30"]
[WhiteClock "0:00:46"]
[BlackClock "0:03:59"]

1. e4 c5 2. Nf3 d6 3. c3 Nf6 4. Be2 Bd7 5. d3 e6 6. O-O Be7 7. Re1 O-O 8. Bf1 Bc6 9. a4 b6 10. Nbd2 Nbd7 11. d4 cxd4 12. cxd4 Bb7 13. a5 a6 14. axb6 Qxb6 15. Bd3 e5 16. Nc4 Qc7 17. Na5 Rfc8 18. Ng5 Qb6 19. Bc4 Rf8 20. Be3 Nxe4 21. dxe5 Ndc5 22. Nxb7 Bxg5 23. Nxd6 Bxe3 24. Rxe3 Nxd6 25. exd6 Rad8 26. Qc2 Qxd6 27. Rh3 g6 28. b4 Qd4 29. Re1 Nb7 30. Bxa6 Qb6 31. Bc4 Rc8 32. Rf3 Nd6 33. Rf4 Qxb4 34. Bxf7+ Nxf7 35. Qe4 Qxe4 36. Rfxe4 Kg7 37. h4 Rc5 38. g4 Rc3 39. Kg2 Nd6 40. Re6 Nc4 41. R1e2 Rf7 42. Kh2 Na5 43. h5 gxh5 44. gxh5 h6 45. Kg2 Nb3 46. Rg6+ Kh7 47. Ree6 Rcf3 48. Rxh6+ Kg7 49. Rhg6+ Kh7 50. Rh6+ Kg7 51. Rhg6+ Kf8 52. h6 Rxf2+ 53. Kg3 Nd4 54. Ra6 Ne2+ 55. Kg4 Rg2+ 56. Kh4 Rh2+ 57. Kg4 Rf4+ 58. Kg5 Rg2+ 59. Kh5 Rh2+ 60. Kg5 1/2-1/2

[Event "Steinthor Baldursson memorial 2018"]
[Site "?"]
[Date "2018.01.05"]
[Round "3"]
[White "Zarovs, Aleksandrs"]
[Black "Birkisson, Bjorn Holm"]
[Result "0-1"]
[ECO "B06"]
[WhiteElo "1831"]
[BlackElo "2084"]
[PlyCount "90"]
[EventDate "2018.??.??"]
[EventType "swiss"]
[EventCountry "ISL"]
[SourceTitle "Kopavogur"]
[TimeControl "5400+30"]
[WhiteClock "0:02:10"]
[BlackClock "0:00:33"]

1. e4 g6 2. Nc3 Bg7 3. h4 h6 4. d4 c5 5. dxc5 Na6 6. Bxa6 bxa6 7. h5 g5 8. f4 Qa5 9. Nge2 Bb7 10. Qd3 Nf6 11. Bd2 Qxc5 12. O-O-O Rb8 13. Be3 Qc7 14. fxg5 hxg5 15. Bxa7 Rc8 16. Bd4 Rxh5 17. Rxh5 Nxh5 18. Bxg7 Nxg7 19. Rh1 Ne6 20. Rh8+ Nf8 21. Qd4 f6 22. Qd3 Qc4 23. Qh3 Qf7 24. Qh2 d6 25. Ng3 Rc4 26. Qg1 Qe6 27. Qb6 Qc8 28. Qe3 Qc5 29. Qxc5 Rxc5 30. Kd2 Kf7 31. Ke3 Kg7 32. Rh2 e6 33. Nge2 Re5 34. Kd3 a5 35. Ng3 Ba6+ 36. Kd2 Nd7 37. Nh5+ Kg6 38. g4 Nb6 39. b3 d5 40. exd5 Nxd5 41. Nxd5 Rxd5+ 42. Ke3 f5 43. gxf5+ exf5 44. c4 Rd7 45. Ng3 f4+ {[%emt 0:00:07] Kd4} 0-1

[Event "Steinthor Baldursson memorial 2018"]
[Site "?"]
[Date "2018.01.05"]
[Round "3"]
[White "Skaale, Janus"]
[Black "Jappinen, Erland"]
[Result "0-1"]
[ECO "B18"]
[WhiteElo "1752"]
[BlackElo "2026"]
[PlyCount "88"]
[EventDate "2018.??.??"]
[EventType "swiss"]
[EventCountry "ISL"]
[SourceTitle "Kopavogur"]
[TimeControl "5400+30"]
[WhiteClock "0:53:51"]
[BlackClock "0:01:34"]

1. e4 c6 2. d4 d5 3. Nc3 dxe4 4. Nxe4 Bf5 5. Ng3 Bg6 6. Nf3 e6 7. h4 h6 8. h5 Bh7 9. Bd3 Bxd3 10. Qxd3 Nd7 11. Bd2 Ngf6 12. O-O-O Bd6 13. Ne4 Qc7 14. Kb1 Nxe4 15. Qxe4 Nf6 16. Qe2 Bf4 17. Bxf4 Qxf4 18. Ne5 Rd8 19. c3 Qe4+ 20. Qxe4 Nxe4 21. Rh4 Nf6 22. g4 c5 23. f4 Nd5 24. dxc5 Nxc3+ 25. bxc3 Rxd1+ 26. Kc2 Rf1 27. Nd3 Ke7 28. g5 hxg5 29. fxg5 Rf5 30. Rb4 Rb8 31. c6 b6 32. Rd4 Rd8 33. h6 gxh6 34. gxh6 Rxd4 35. cxd4 Rh5 36. c7 Kd7 37. Ne5+ Kxc7 38. Nxf7 Kd7 39. Ne5+ Kd6 40. Kc3 Kd5 41. Ng4 Rh3+ 42. Kc2 Kxd4 43. Kd2 Rh4 44. h7 Rxh7 0-1

[Event "Steinthor Baldursson memorial 2018"]
[Site "?"]
[Date "2018.01.05"]
[Round "3"]
[White "Heidarsson, Arnar"]
[Black "Briem, Stephan"]
[Result "0-1"]
[ECO "A91"]
[WhiteElo "1592"]
[BlackElo "1890"]
[PlyCount "45"]
[EventDate "2018.??.??"]
[EventType "swiss"]
[EventCountry "ISL"]
[SourceTitle "Kopavogur"]
[TimeControl "5400+30"]
[WhiteClock "0:17:57"]
[BlackClock "0:12:29"]

1. d4 f5 2. g3 Nf6 3. c4 e6 4. Bg2 Be7 5. Nc3 O-O 6. Nf3 d6 7. O-O a5 8. Qc2 Nc6 9. Rd1 Qe8 10. e4 e5 11. a3 Qh5 12. d5 Nb8 13. Re1 Nxe4 14. Nxe4 fxe4 15. Qxe4 Bf5 16. Qe3 Nd7 17. Bd2 h6 18. Bc3 Nf6 19. h4 Ng4 20. Qc1 g5 21. hxg5 Bd3 22. Nh4 hxg5 23. Ra2 0-1

[Event "Steinthor Baldursson memorial 2018"]
[Site "?"]
[Date "2018.01.06"]
[Round "5"]
[White "Dijkhuis, Tycho"]
[Black "Eydsteinsson, Silas"]
[Result "1-0"]
[ECO "C10"]
[WhiteElo "2402"]
[BlackElo "2035"]
[PlyCount "111"]
[EventDate "2018.??.??"]
[EventType "swiss"]
[EventCountry "ISL"]
[SourceTitle "Kopavogur"]
[TimeControl "5400+30"]
[WhiteClock "0:01:21"]
[BlackClock "0:02:28"]

1. e4 e6 2. d4 d5 3. Nd2 dxe4 4. Nxe4 Bd7 5. Nf3 Bc6 6. Bd3 Nd7 7. c3 Ngf6 8. Nxf6+ Nxf6 9. Bf4 Bxf3 10. Qxf3 c6 11. O-O Qd5 12. Qe2 Be7 13. Be5 O-O 14. Rad1 g6 15. f4 Qd7 16. Rf3 Nd5 17. Rh3 f5 18. Rf3 Rfd8 19. Rff1 b5 20. Rfe1 Kf7 21. c4 bxc4 22. Bxc4 a5 23. Rd3 Re8 24. Rc1 a4 25. Rh3 Kg8 26. g4 a3 27. b3 Rac8 28. Kh1 Nb6 29. gxf5 Nxc4 30. Qxc4 Qd5+ 31. Qxd5 cxd5 32. Rhc3 Rxc3 33. Rxc3 exf5 34. Rc7 Kf8 35. Kg2 h6 36. Kf3 g5 37. fxg5 hxg5 38. h4 gxh4 39. Kf4 Ra8 40. Kxf5 Ra6 41. Rb7 Rc6 42. Rc7 Ra6 43. Kg4 Rg6+ 44. Kf5 Ra6 45. Rc8+ Kf7 46. Rh8 Rc6 47. Rh7+ Ke8 48. Bf4 Rf6+ 49. Ke5 Kd7 50. Bg5 Re6+ 51. Kxd5 Rd6+ 52. Ke5 Re6+ 53. Kd5 Rd6+ 54. Kc4 Rc6+ 55. Kd3 Re6 56. Bxh4 1-0

[Event "Steinthor Baldursson memorial 2018"]
[Site "?"]
[Date "2018.01.06"]
[Round "5"]
[White "Ragnarsson, Dagur"]
[Black "Tokranovs, Dmitrijs"]
[Result "1/2-1/2"]
[ECO "A57"]
[WhiteElo "2332"]
[BlackElo "2354"]
[PlyCount "64"]
[EventDate "2018.??.??"]
[EventType "swiss"]
[EventCountry "ISL"]
[SourceTitle "Kopavogur"]
[TimeControl "5400+30"]
[WhiteClock "0:13:22"]
[BlackClock "0:15:37"]

1. d4 Nf6 2. c4 c5 3. d5 b5 4. Qc2 g6 5. e4 bxc4 6. Bxc4 d6 7. Ne2 Bg7 8. O-O O-O 9. Bg5 Ba6 10. Nd2 Qb6 11. h3 Nbd7 12. f4 Rab8 13. Rab1 Qa5 14. Rf3 Bxc4 15. Nxc4 Qc7 16. Rd1 Nb6 17. Ne3 Qb7 18. Nc3 Rfd8 19. e5 dxe5 20. fxe5 Nfd7 21. e6 fxe6 22. dxe6 Ne5 23. Rff1 c4 24. Qf2 Qc6 25. Rxd8+ Rxd8 26. Bxe7 Re8 27. Bf6 Qxe6 28. Bxg7 Kxg7 29. Qh4 Re7 30. Qg5 Rf7 31. Rxf7+ Nxf7 32. Qf4 Qe5 1/2-1/2

[Event "Steinthor Baldursson memorial 2018"]
[Site "?"]
[Date "2018.01.06"]
[Round "5"]
[White "Johannesson, Oliver Aron"]
[Black "Jappinen, Erland"]
[Result "1/2-1/2"]
[ECO "A06"]
[WhiteElo "2277"]
[BlackElo "2026"]
[PlyCount "67"]
[EventDate "2018.??.??"]
[EventType "swiss"]
[EventCountry "ISL"]
[SourceTitle "Kopavogur"]
[TimeControl "5400+30"]
[WhiteClock "0:45:30"]
[BlackClock "0:59:25"]

1. Nf3 d5 2. c4 c6 3. g3 Nf6 4. Bg2 Bf5 5. cxd5 cxd5 6. Qb3 Qb6 7. Qxb6 axb6 8. Nc3 Nc6 9. d3 e5 10. O-O h6 11. e4 dxe4 12. dxe4 Be6 13. Rd1 Bc5 14. Nd5 Nxe4 15. Nc7+ Ke7 16. Be3 Bxe3 17. fxe3 Rxa2 18. Rxa2 Bxa2 19. Nxe5 Nxe5 20. Bxe4 Nc6 21. Nd5+ Bxd5 22. Rxd5 Rd8 23. Rb5 Kd6 24. Rxb6 Kc7 25. Rb5 Rd2 26. Rf5 f6 27. Rf2 Rxf2 28. Kxf2 Ne5 29. h3 b6 30. b3 Kd6 31. Ke2 Kc5 32. Kd2 Kb4 33. Bd5 Kc5 34. Be4 1/2-1/2

[Event "Steinthor Baldursson memorial 2018"]
[Site "?"]
[Date "2018.01.06"]
[Round "5"]
[White "Jonsson, Gauti Pall"]
[Black "Jazdanovs, Aleksandrs"]
[Result "0-1"]
[ECO "B90"]
[WhiteElo "2161"]
[BlackElo "2218"]
[PlyCount "62"]
[EventDate "2018.??.??"]
[EventType "swiss"]
[EventCountry "ISL"]
[SourceTitle "Kopavogur"]
[TimeControl "5400+30"]
[WhiteClock "0:35:42"]
[BlackClock "0:52:31"]

1. e4 c5 2. Nf3 d6 3. d4 cxd4 4. Nxd4 Nf6 5. Nc3 a6 6. h4 e5 7. Nb3 Be7 8. Bg5 Nbd7 9. Be2 O-O 10. g4 h6 11. Bxf6 Nxf6 12. g5 hxg5 13. hxg5 Ne8 14. g6 Be6 15. Bc4 Bg5 16. Qh5 Bh6 17. gxf7+ Bxf7 18. Rg1 Qf6 19. Rg6 Bxc4 20. Rxf6 Nxf6 21. Qh3 Rae8 22. Nd2 Be6 23. Qg2 Ng4 24. O-O-O Rxf2 25. Qg3 Bf4 26. Qd3 Ne3 27. Re1 Nxc2 28. Re2 Nb4 29. Qxd6 Rf1+ 30. Nd1 Rc8+ 31. Qc7 Rxc7+ 0-1

[Event "Steinthor Baldursson memorial 2018"]
[Site "?"]
[Date "2018.01.06"]
[Round "5"]
[White "Mai, Aron Thor"]
[Black "Briem, Stephan"]
[Result "0-1"]
[ECO "B94"]
[WhiteElo "2066"]
[BlackElo "1890"]
[PlyCount "50"]
[EventDate "2018.??.??"]
[EventType "swiss"]
[EventCountry "ISL"]
[SourceTitle "Kopavogur"]
[TimeControl "5400+30"]
[WhiteClock "0:20:10"]
[BlackClock "0:13:58"]

1. e4 c5 2. Nf3 d6 3. d4 cxd4 4. Nxd4 Nf6 5. Nc3 a6 6. Bg5 Nbd7 7. f4 Qc7 8. Qf3 h6 9. Bxf6 Nxf6 10. f5 Qc5 11. O-O-O g5 12. fxg6 Bg4 13. gxf7+ Kxf7 14. Qd3 Bxd1 15. Nxd1 Bg7 16. Nf5 Rad8 17. Nde3 e6 18. Nxg7 Kxg7 19. g4 d5 20. Bg2 dxe4 21. Qb3 b5 22. Re1 Rd3 23. Qxe6 Rxe3 24. Rf1 Rf8 25. g5 Qxg5 0-1

[Event "Steinthor Baldursson memorial 2018"]
[Site "?"]
[Date "2018.01.06"]
[Round "5"]
[White "Mai, Alexander Oliver"]
[Black "Birkisson, Bjorn Holm"]
[Result "1/2-1/2"]
[ECO "E06"]
[WhiteElo "1970"]
[BlackElo "2084"]
[PlyCount "49"]
[EventDate "2018.??.??"]
[EventType "swiss"]
[EventCountry "ISL"]
[SourceTitle "Kopavogur"]
[TimeControl "5400+30"]
[WhiteClock "0:27:55"]
[BlackClock "0:45:35"]

1. Nf3 Nf6 2. c4 e6 3. g3 d5 4. d4 Be7 5. Bg2 O-O 6. O-O dxc4 7. Qc2 a6 8. a4 Bd7 9. Qxc4 Bc6 10. Bf4 Nbd7 11. Rd1 Rc8 12. Nc3 Qe8 13. a5 Nd5 14. Nxd5 Bxd5 15. Qd3 Nf6 16. Bg5 Qb5 17. Qxb5 axb5 18. a6 bxa6 19. Rxa6 Ra8 20. Rda1 Rxa6 21. Rxa6 Ra8 22. Rxa8+ Bxa8 23. Ne5 Bxg2 24. Kxg2 Nd5 25. Bxe7 1/2-1/2

[Event "Steinthor Baldursson memorial 2018"]
[Site "?"]
[Date "2018.01.06"]
[Round "5"]
[White "Bannout, Edvin"]
[Black "Davidsson, Oskar Vikingur"]
[Result "1/2-1/2"]
[ECO "A37"]
[WhiteElo "1869"]
[BlackElo "1854"]
[PlyCount "56"]
[EventDate "2018.??.??"]
[EventType "swiss"]
[EventCountry "ISL"]
[SourceTitle "Kopavogur"]
[TimeControl "5400+30"]
[WhiteClock "0:34:09"]
[BlackClock "0:37:04"]

1. c4 c5 2. Nc3 Nc6 3. g3 g6 4. Bg2 Bg7 5. Nf3 e5 6. O-O d6 7. d3 Nge7 8. Ne1 O-O 9. Nc2 Be6 10. Ne3 Qd7 11. Ned5 Bh3 12. e4 Bxg2 13. Kxg2 Nxd5 14. Nxd5 Ne7 15. Nxe7+ Qxe7 16. Bd2 f5 17. f3 Rf7 18. Qe2 Raf8 19. a3 b6 20. b4 Qe6 21. Rab1 Rc8 22. a4 Rb7 23. Rb2 Qd7 24. Qd1 Rcb8 25. Qb3 Bf6 26. Rfb1 Qc6 27. Ra1 a5 28. b5 Qd7 1/2-1/2

[Event "Steinthor Baldursson memorial 2018"]
[Site "?"]
[Date "2018.01.06"]
[Round "5"]
[White "Zarovs, Aleksandrs"]
[Black "Johannsson, Birkir Isak"]
[Result "1/2-1/2"]
[ECO "B52"]
[WhiteElo "1831"]
[BlackElo "1760"]
[PlyCount "33"]
[EventDate "2018.??.??"]
[EventType "swiss"]
[EventCountry "ISL"]
[SourceTitle "Kopavogur"]
[TimeControl "5400+30"]
[WhiteClock "0:36:52"]
[BlackClock "0:28:28"]

1. e4 c5 2. Nf3 d6 3. Bb5+ Bd7 4. Bxd7+ Qxd7 5. O-O Nf6 6. e5 dxe5 7. Nxe5 Qd6 8. Qe2 Nbd7 9. f4 e6 10. Nc3 a6 11. Nxd7 Nxd7 12. b3 Be7 13. Bb2 Qd4+ 14. Kh1 O-O 15. Rf3 Nf6 16. f5 Rad8 17. Rd3 1/2-1/2

[Event "Steinthor Baldursson memorial 2018"]
[Site "?"]
[Date "2018.01.06"]
[Round "5"]
[White "Skaale, Janus"]
[Black "Thorhallsson, Simon"]
[Result "0-1"]
[ECO "B51"]
[WhiteElo "1752"]
[BlackElo "2040"]
[PlyCount "70"]
[EventDate "2018.??.??"]
[EventType "swiss"]
[EventCountry "ISL"]
[SourceTitle "Kopavogur"]
[TimeControl "5400+30"]
[WhiteClock "0:17:53"]
[BlackClock "0:01:44"]

1. e4 c5 2. Nf3 d6 3. Bb5+ Nd7 4. O-O a6 5. Bxd7+ Bxd7 6. c3 Nf6 7. Re1 Bc6 8. d3 e6 9. Bg5 Be7 10. Nbd2 h6 11. Bh4 g5 12. Bg3 Nh5 13. Nf1 Nxg3 14. Nxg3 h5 15. d4 g4 16. Nd2 Bg5 17. d5 Bd7 18. e5 exd5 19. c4 h4 20. exd6+ Kf8 21. Ngf1 g3 22. hxg3 hxg3 23. Nxg3 Bxd2 24. Qxd2 Qh4 25. Qe3 Re8 26. Qxe8+ Bxe8 27. Re7 Bc6 28. Rc7 Qh2+ 29. Kf1 d4 30. d7 Qxg2+ 31. Ke2 Qf3+ 32. Kf1 Bxd7 33. Rxd7 Rh1+ 34. Nxh1 Qxh1+ 35. Ke2 Qxa1 0-1

[Event "Steinthor Baldursson memorial 2018"]
[Site "?"]
[Date "2018.01.06"]
[Round "5"]
[White "Fjallheim, Leif Reinert"]
[Black "Briem, Benedikt"]
[Result "1/2-1/2"]
[ECO "A04"]
[WhiteElo "1720"]
[BlackElo "1464"]
[PlyCount "49"]
[EventDate "2018.??.??"]
[EventType "swiss"]
[EventCountry "ISL"]
[SourceTitle "Kopavogur"]
[TimeControl "5400+30"]
[WhiteClock "0:57:40"]
[BlackClock "0:03:26"]

1. Nf3 c5 2. g3 d6 3. e4 e5 4. d3 Nc6 5. c3 Bg4 6. Bg2 g6 7. h3 Bxf3 8. Bxf3 Bg7 9. Be3 Nge7 10. Bg2 O-O 11. h4 h6 12. Nd2 Rb8 13. g4 b5 14. f4 exf4 15. Bxf4 b4 16. Rc1 bxc3 17. bxc3 Ne5 18. Bxe5 dxe5 19. Nc4 Nc8 20. Rb1 Nd6 21. Ne3 Rxb1 22. Qxb1 Bf6 23. h5 Bh4+ 24. Ke2 g5 25. Nd5 1/2-1/2

[Event "Steinthor Baldursson memorial 2018"]
[Site "?"]
[Date "2018.01.06"]
[Round "5"]
[White "Apol, Luitjen Akselsson"]
[Black "Heidarsson, Arnar"]
[Result "1-0"]
[ECO "C26"]
[WhiteElo "1600"]
[BlackElo "1592"]
[PlyCount "59"]
[EventDate "2018.??.??"]
[EventType "swiss"]
[EventCountry "ISL"]
[SourceTitle "Kopavogur"]
[TimeControl "5400+30"]
[WhiteClock "0:09:31"]
[BlackClock "0:02:28"]

1. e4 e5 2. Nc3 Nf6 3. Bc4 Bc5 4. d3 h6 5. f4 exf4 6. Bxf4 d6 7. Nf3 O-O 8. Qd2 Kh7 9. O-O-O Nc6 10. d4 Bb4 11. Bd3 Ng8 12. h3 g6 13. g4 Re8 14. Rdf1 Re7 15. Rhg1 d5 16. e5 Be6 17. h4 Qd7 18. Be2 Ree8 19. h5 g5 20. Be3 Be7 21. Bd3+ Kh8 22. Bf5 Qd8 23. Bxe6 fxe6 24. Qd3 Qd7 25. Nd2 Bd8 26. Qg6 Re7 27. Rf8 Rg7 28. Qxh6+ Rh7 29. Qg6 Nce7 30. Qf6+ 1-0

[Event "Steinthor Baldursson memorial 2018"]
[Site "?"]
[Date "2018.01.07"]
[Round "7"]
[White "Dijkhuis, Tycho"]
[Black "Jazdanovs, Aleksandrs"]
[Result "1/2-1/2"]
[ECO "B52"]
[WhiteElo "2402"]
[BlackElo "2218"]
[PlyCount "100"]
[EventDate "2018.??.??"]
[EventType "swiss"]
[EventCountry "ISL"]
[SourceTitle "Kopavogur"]
[TimeControl "5400+30"]
[WhiteClock "0:41:57"]
[BlackClock "0:04:51"]

1. e4 c5 2. Nf3 d6 3. Bb5+ Bd7 4. Bxd7+ Qxd7 5. O-O Nf6 6. e5 dxe5 7. Nxe5 Qc7 8. Re1 e6 9. Nc3 a6 10. h3 Nc6 11. Nxc6 Qxc6 12. d3 Be7 13. b3 b5 14. Bb2 c4 15. dxc4 bxc4 16. Re3 O-O 17. Qe2 Bd6 18. Re1 Rfd8 19. Ne4 Nxe4 20. Rxe4 c3 21. Rc4 Qxc4 22. Qxc4 cxb2 23. Qc3 Ba3 24. b4 Bxb4 25. Qxb4 Rdb8 26. Qe4 b1=Q 27. Rxb1 Rxb1+ 28. Kh2 Rc8 29. Qa4 Rb6 30. Qa5 Rbc6 31. a4 g6 32. Kg1 h5 33. g3 Kh7 34. h4 R8c7 35. Kg2 f6 36. Kg1 e5 37. Kg2 Rd7 38. c4 Rd4 39. Qb4 Rd7 40. Qf8 Rxc4 41. Qxf6 Rxa4 42. Qxe5 Rad4 43. Qa5 R4d6 44. f3 Rb7 45. Kh3 Rf7 46. f4 Rfd7 47. f5 Rg7 48. fxg6+ Rdxg6 49. Qxh5+ Kg8 50. Qd5+ Kh7 1/2-1/2

[Event "Steinthor Baldursson memorial 2018"]
[Site "?"]
[Date "2018.01.07"]
[Round "7"]
[White "Johannesson, Oliver Aron"]
[Black "Mai, Alexander Oliver"]
[Result "1/2-1/2"]
[ECO "C55"]
[WhiteElo "2277"]
[BlackElo "1970"]
[PlyCount "96"]
[EventDate "2018.??.??"]
[EventType "swiss"]
[EventCountry "ISL"]
[SourceTitle "Kopavogur"]
[TimeControl "5400+30"]
[WhiteClock "0:09:55"]
[BlackClock "0:36:35"]

1. e4 e5 2. Nf3 Nc6 3. Bc4 Nf6 4. d3 Be7 5. O-O O-O 6. c3 d6 7. Bb3 Be6 8. Nbd2 Bxb3 9. Qxb3 Na5 10. Qd1 c5 11. Re1 Nc6 12. Nf1 Re8 13. Ng3 g6 14. d4 Bf8 15. d5 Nb8 16. Nd2 Nbd7 17. a4 Qc7 18. Nc4 Rab8 19. f4 Bg7 20. Qf3 Rbd8 21. Rf1 Rb8 22. Bd2 Re7 23. Rae1 Rf8 24. f5 Ree8 25. Nh1 Nb6 26. Ne3 Nxa4 27. Ng4 Nxg4 28. Qxg4 Qe7 29. f6 Bxf6 30. Rxf6 Qxf6 31. Bg5 Qg7 32. Qh4 f6 33. Bh6 Qe7 34. Bxf8 Rxf8 35. Re2 b5 36. Nf2 Qg7 37. Ng4 h5 38. Ne3 Qh6 39. Qh3 f5 40. exf5 gxf5 41. Rf2 f4 42. Nf5 Qf6 43. Ng3 h4 44. Qg4+ Qg7 45. Qe6+ Qf7 46. Qg4+ Qg7 47. Qe6+ Qf7 48. Qg4+ Qg7 1/2-1/2

[Event "Steinthor Baldursson memorial 2018"]
[Site "?"]
[Date "2018.01.07"]
[Round "7"]
[White "Birkisson, Bardur Orn"]
[Black "Tokranovs, Dmitrijs"]
[Result "1/2-1/2"]
[ECO "A47"]
[WhiteElo "2190"]
[BlackElo "2354"]
[PlyCount "81"]
[EventDate "2018.??.??"]
[EventType "swiss"]
[EventCountry "ISL"]
[SourceTitle "Kopavogur"]
[TimeControl "5400+30"]
[WhiteClock "0:43:41"]
[BlackClock "0:00:39"]

1. d4 Nf6 2. Nf3 b6 3. Bf4 Bb7 4. e3 e6 5. Nbd2 Be7 6. h3 c5 7. c3 O-O 8. Bd3 d6 9. O-O Nbd7 10. Qe2 a6 11. a4 d5 12. Ne5 c4 13. Bc2 b5 14. b3 Nxe5 15. Bxe5 cxb3 16. Nxb3 bxa4 17. Rxa4 Bc6 18. Rxa6 Qd7 19. Bd3 Rxa6 20. Bxa6 Ne4 21. c4 Ba4 22. Nc1 dxc4 23. Bxc4 Rc8 24. Bd3 Nc3 25. Qg4 Bf8 26. Ne2 Nxe2+ 27. Qxe2 Qd5 28. Ra1 Bc6 29. f3 Qb3 30. Qc2 Qxc2 31. Bxc2 Bxf3 32. Bxh7+ Kxh7 33. gxf3 Rc2 34. Bg3 Kg6 35. Rf1 Re2 36. Bf4 Kf5 37. Rf2 Re1+ 38. Rf1 Re2 39. Rf2 Re1+ 40. Rf1 Re2 41. Rf2 1/2-1/2

[Event "Steinthor Baldursson memorial 2018"]
[Site "?"]
[Date "2018.01.07"]
[Round "7"]
[White "Mai, Aron Thor"]
[Black "Fjallheim, Leif Reinert"]
[Result "1-0"]
[ECO "B06"]
[WhiteElo "2066"]
[BlackElo "1720"]
[PlyCount "57"]
[EventDate "2018.??.??"]
[EventType "swiss"]
[EventCountry "ISL"]
[SourceTitle "Kopavogur"]
[TimeControl "5400+30"]
[WhiteClock "0:00:31"]
[BlackClock "0:36:03"]

1. e4 d6 2. d4 g6 3. Nc3 Bg7 4. f4 a6 5. Nf3 Nd7 6. e5 e6 7. Bd3 Ne7 8. O-O b6 9. Ne4 d5 10. Nf2 c5 11. c3 Bb7 12. a4 Nc6 13. Bd2 c4 14. Bc2 b5 15. g4 h5 16. h3 Ne7 17. Qe2 Bc6 18. axb5 Bxb5 19. Kg2 Qb6 20. Nd1 O-O-O 21. Ne3 f5 22. gxf5 gxf5 23. Ng5 Rdf8 24. Kh2 Ng6 25. Ng2 Nb8 26. Rfb1 Qb7 27. Nxe6 Re8 28. Bxf5 Qb6 29. Nxg7+ 1-0

[Event "Steinthor Baldursson memorial 2018"]
[Site "?"]
[Date "2018.01.07"]
[Round "7"]
[White "Jappinen, Erland"]
[Black "Bannout, Edvin"]
[Result "1-0"]
[ECO "B21"]
[WhiteElo "2026"]
[BlackElo "1869"]
[PlyCount "47"]
[EventDate "2018.??.??"]
[EventType "swiss"]
[EventCountry "ISL"]
[SourceTitle "Kopavogur"]
[TimeControl "5400+30"]
[WhiteClock "0:19:25"]
[BlackClock "0:44:45"]

1. e4 c5 2. d4 cxd4 3. c3 d5 4. exd5 Qxd5 5. cxd4 Nc6 6. Nf3 Bg4 7. Nc3 Qa5 8. d5 O-O-O 9. Bd2 Rxd5 10. Nxd5 Qxd5 11. Be2 Nf6 12. Be3 Qe4 13. Rc1 e5 14. O-O Kb8 15. Rc4 Qf5 16. Nxe5 Bxe2 17. Nxc6+ bxc6 18. Qxe2 Bd6 19. Rxc6 Bxh2+ 20. Kxh2 Ng4+ 21. Kg1 Qh5 22. Bf4+ Ka8 23. Qe4 Qh2+ 24. Bxh2 1-0